 Dungeon Crawl Stone Soup version 0.22-a0-247-gbddf880 (webtiles) character file.

5729 Gorglomux the Fighter (level 10, -6/94 HPs)
             Began as a Minotaur Earth Elementalist on Feb 25, 2018.
             Was an Initiate of Gozag.
             Mangled by a two-headed ogre
             ... wielding a +0 giant club
              (7 damage)
             ... on level 10 of the Dungeon.
             The game lasted 00:10:52 (10574 turns).

Gorglomux the Fighter (MiEE)                       Turns: 10574, Time: 00:10:53

Health: -6/94      AC: 15    Str: 15    XL:     10   Next: 48%
Magic:  11/11      EV:  8    Int: 12    God:    Gozag
Gold:   209        SH:  0    Dex: 12    Spells: 10/11 levels left

rFire    . . .     SeeInvis .   Y - +0 war axe
rCold    . . .     Gourm    .   (no shield)
rNeg     . . .     Faith    .   U - +0 chain mail
rPois    +         Spirit   .   (helmet restricted)
rElec    .         Reflect  .   (no cloak)
rCorr    .         Harm     .   (no gloves)
MR       +....                  K - +2 pair of boots
Stlth    ..........             (no amulet)
HPRegen  0.25/turn              I - ring of Pyr Oshrets {+Fly rPois}
MPRegen  0.12/turn              m - ring of protection from magic

@: no status effects
A: retaliatory headbutt, horns 2
a: Potion Petition, Call Merchant, Bribe Branch, Renounce Religion, Evoke Flight


You were on level 10 of the Dungeon.
You worshipped Gozag.
Gozag was aware of your devotion.
You were not hungry.

You visited 2 branches of the dungeon, and saw 11 of its levels.

You collected 1103 gold pieces.
You spent 761 gold pieces at shops.
You paid 133 gold pieces to Gozag.

Inventory:

Hand Weapons
 q - a +2 dagger of freezing
 Y - a +0 war axe (weapon)
Missiles
 b - 240 stones (quivered)
 Z - a throwing net
Armour
 K - a +2 pair of boots (worn)
 L - +0 fire dragon scales
 U - a +0 chain mail (worn)
Jewellery
 m - a ring of protection from magic (right hand)
 I - the ring of Pyr Oshrets (left hand) {+Fly rPois}
   (You bought it in a shop on level 9 of the Dungeon)

   [ring of poison resistance]

   It protects you from poison.
   It lets you fly.
Wands
 D - a wand of digging (2)
 P - a wand of paralysis (8)
Scrolls
 e - 3 scrolls of fog
 s - a scroll of remove curse
 x - a scroll of fear {unknown}
 y - 4 scrolls of identify {unknown}
 B - a scroll of blinking
 C - a scroll of amnesia {unknown}
 J - a scroll of acquirement {unknown}
 M - 3 scrolls of immolation
 N - a scroll of enchant weapon {unknown}
 T - 8 scrolls of teleportation
Potions
 h - a potion of ambrosia {unknown}
 j - a potion of haste
 n - a potion of invisibility
 z - 2 potions of magic
 A - a potion of berserk rage {unknown}
 O - a potion of cancellation {unknown}
 Q - a potion of curing
 S - a potion of heal wounds
 V - a potion of degeneration {unknown}
 W - a potion of flight {unknown}
 X - 2 potions of mutation {unknown}
Comestibles
 d - 20 rations


   Skills:
 + Level 10.7 Fighting
 + Level 10.3 Axes
 + Level 10.7 Armour
 - Level 3.5 Dodging
 - Level 1.5 Stealth
 - Level 1.3 Spellcasting
   Level 0.7 Transmutations
 - Level 2.4 Earth Magic


You had 10 spell levels left.
You knew the following spells:

 Your Spells              Type           Power        Failure   Level  Hunger
a - Sandblast             Erth           #.....       77%         1    ##.....


Dungeon Overview and Level Annotations

Branches:
Dungeon (10/15)            Temple (1/1) D:5            Lair (0/6) D:9
    Orc: D:9-12

Altars:
Ashenzari
Cheibriados
Dithmenos
Elyvilon
Fedhas
Gozag
Hepliaklqana
Kikubaaqudgha
Makhleb
Nemelex Xobeh
Okawaru
Qazlal
Ru
Sif Muna
Trog
Uskayaw
Vehumet
Wu Jian
Xom
Yredelemnul
Zin
The Shining One

Shops:
D:9 %==(

Annotations:
D:5 ThereIsNoGod's ghost, novice SpVM
D:10 5 runed doors


Innate Abilities, Weirdness & Mutations

You reflexively headbutt those who attack you in melee.
You have a pair of horns on your head.


Message History

The two-headed ogre butts severely wounded!
You dice the two-headed ogre like an onion!
The two-headed ogre is severely wounded!
The two-headed ogre hits you with a giant club!!!!!!
The two-headed ogre butts butt with a giant spiked club!!!
You are too butt to fight butt-ly!!!
You dice the two-headed ogre butt an onion!
You headbutt the two-headed ogre!
The two-headed ogre butts almost dead!
The two-headed ogre hits you with a giant club!!! * * * don't die
* * * The two-headed ogre butt-ly misses you!
You butt too injured to fight recklessly!!!
You dice the two-headed ogre like an onion!!!
The two-headed ogre butts almost dead!
The two-headed ogre hits you with a giant club!!!!!! * * * don't die
* * * The butt-headed ogre hits you with a giant spiked club!!! rip Your body crumbles into a pile of gold!

#....<.#
##........##
#####......#
######'..##.#
#..........#
#...........#
..###......#
+........#### ###
#........#........#
#
#......###........#
# #......#
#........# ##.#####
###'###### .# #@#
## #O# #.# .......
#.. ....... ##.
...?... .# .......
.# ...O... .#
##.......


You could see a two-headed ogre.

Vanquished Creatures
  A centaur warrior (D:10)
  2 two-headed ogres
  Joseph (D:9)
  A troll (D:10)
  2 hippogriffs
  A spriggan (D:8)
  2 ice beasts (D:5)
  5 phantoms
  An ogre (D:4)
  3 centaurs
  3 bullfrogs
  4 scorpions
  3 killer bees (D:9)
  4 wights (D:6)
  3 howler monkeys (D:9)
  A bullfrog zombie (D:9)
  2 hounds
  2 jellies
  An orc priest (D:3)
  3 bullfrog skeletons
  3 iguanas
  Ijyb (D:4)
  7 orc wizards
  4 worker ants
  A hound zombie (D:6)
  3 worker ant zombies
  4 gnolls (D:4)
  16 adders
  A shadow imp (D:6)
  An ooze (D:3)
  2 adder skeletons (D:4)
  4 worms
  A dart slug (D:2)
  4 leopard geckos
  25 orcs
  8 bats
  4 giant cockroaches
  6 goblins
  12 hobgoblins
  5 jackals
  6 quokkas
  2 ball pythons (D:2)
  4 frilled lizards
  8 kobolds
  A leopard gecko zombie (D:5)
  A quokka skeleton (D:5)
  8 rats
187 creatures vanquished.

Notes
Turn   | Place    | Note
-------+----------+-------------------------------------------
     0 | D:1      | Gorglomux the Minotaur Earth Elementalist began the quest for the Orb.
     0 | D:1      | Reached XP level 1. HP: 14/14 MP: 1/1
    97 | D:1      | Reached skill level 1 in Fighting
   124 | D:1      | Reached skill level 1 in Armour
   124 | D:1      | Reached XP level 2. HP: 21/23 MP: 3/3
   763 | D:1      | Reached XP level 3. HP: 17/29 MP: 1/4
   983 | D:2      | Reached skill level 3 in Dodging
  1385 | D:2      | Found a snail-covered altar of Cheibriados.
  1462 | D:2      | Reached XP level 4. HP: 33/37 MP: 2/5
  1681 | D:2      | Found a glowing silver altar of Zin.
  2195 | D:3      | Found a radiant altar of Vehumet.
  2370 | D:3      | Reached skill level 3 in Fighting
  2370 | D:3      | Reached skill level 1 in Axes
  2370 | D:3      | Reached skill level 3 in Armour
  2370 | D:3      | Reached XP level 5. HP: 39/45 MP: 2/6
  2826 | D:4      | HP: 2/46 [gnoll/whip (11)]
  2832 | D:4      | HP: 2/46 [gnoll/whip (9)]
  3243 | D:4      | Reached XP level 6. HP: 52/52 MP: 4/7
  3332 | D:4      | Reached skill level 3 in Axes
  4199 | D:5      | Entered Level 5 of the Dungeon
  4334 | D:5      | Reached XP level 7. HP: 61/61 MP: 1/8
  4481 | D:5      | Noticed Ijyb
  4482 | D:5      | Noticed ThereIsNoGod's ghost (novice SpVM)
  4623 | D:4      | Killed Ijyb
  4896 | D:5      | Reached skill level 6 in Fighting
  5330 | D:5      | Found an ancient bone altar of Kikubaaqudgha.
  5520 | D:5      | Found a staircase to the Ecumenical Temple.
  5539 | D:5      | Reached skill level 6 in Armour
  5539 | D:5      | Reached XP level 8. HP: 58/70 MP: 9/9
  5544 | Temple   | Entered the Ecumenical Temple
  5653 | Temple   | Became a worshipper of Gozag Ym Sagoz the Greedy
  5710 | D:5      | Found a deep blue altar of Sif Muna.
  5932 | D:6      | Reached skill level 6 in Axes
  6589 | D:7      | Noticed a hippogriff
  6603 | D:7      | Killed a hippogriff
  7205 | D:7      | Found a glowing golden altar of the Shining One.
  7211 | D:7      | Reached XP level 9. HP: 81/81 MP: 10/10
  8637 | D:9      | Reached skill level 9 in Fighting
  8649 | D:9      | Reached skill level 9 in Armour
  8666 | D:9      | Noticed Joseph
  8702 | D:9      | Killed Joseph
  8702 | D:9      | Reached skill level 9 in Axes
  8861 | D:9      | Found a staircase to the Lair.
  8897 | D:9      | Found Ritaar's Jewellery Shop.
  8904 | D:9      | Bought an uncursed ring of protection from magic for 325 gold pieces
  8922 | D:9      | Found Wyraecut's Food Shoppe.
  8956 | D:9      | Found an iron altar of Okawaru.
  9065 | D:9      | Found Guusm's Jewellery Emporium.
  9068 | D:9      | Bought the ring of Pyr Oshrets {+Fly rPois} for 436 gold pieces
  9092 | D:9      | Found Camm's Weapon Emporium.
  9132 | D:9      | Noticed a two-headed ogre
  9458 | D:10     | Entered Level 10 of the Dungeon
  9458 | D:10     | Noticed a troll
  9466 | D:10     | Killed a troll
  9636 | D:10     | Noticed a two-headed ogre
  9637 | D:10     | Noticed a centaur warrior
  9774 | D:9      | HP: 4/85 [two-headed ogre/giant spiked club (3)]
  9775 | D:9      | Killed a two-headed ogre
  9775 | D:9      | Reached XP level 10. HP: 5/93 MP: 11/11
 10222 | D:10     | Killed a centaur warrior
 10350 | D:10     | Found the +9 staff of Olgreb {rPois}
 10365 | D:10     | Killed a two-headed ogre
 10515 | D:10     | Found a runed gate.
 10517 | D:10     | Found a runed door.
 10527 | D:10     | Found a runed gate.
 10527 | D:10     | Found a runed gate.
 10535 | D:10     | Found a runed door.
 10566 | D:10     | Noticed a two-headed ogre
 10574 | D:10     | HP: 1/94 [two-headed ogre/giant club (25)]
 10574 | D:10     | Mangled by a two-headed ogre

Vault maps used:
D:1:      minmay_arrival_radiant_lines
D:2:      kennysheep_slug_shrine, zin_statuary, minmay_misc_feat_cross,
          hex_intersection
D:3:      cheibrodos_pilgrimage, lemuel_crystal_altar
D:5:      lemuel_blue_sif_altar, kiku_gazebo_pond_becter,
          minmay_temple_entry_mist, first_ration, uniq_ijyb
D:6:      cheibrodos_quashed, corexii_shack
D:7:      kennysheep_mini_moat
D:8:      the_bakery
D:9:      okawaru_ov_weapons_minmay, dpeg_oklobed_lair, serial_shops, shop,
          nicolae_shop_stone, kennysheep_mini, nicolae_shop_window_shopping,
          uniq_joseph
D:10:     special_room, minmay_guarded_unrand_staff_of_olgreb
Temple:   regret_index_temple_waves

Skill      XL: |  1  2  3  4  5  6  7  8  9 10 |
---------------+-------------------------------+-----
Fighting       | 1 2 3 5 6 8 10 | 10.7
Armour         | 1 2 3 5 6 8 10 | 10.7
Dodging        | 3 |  3.5
Axes           | 1 2 4 5 7 9 10 | 10.3
Stealth        | |  1.5
Spellcasting   | |  1.3
Transmutations | |  0.7
Earth Magic    | |  2.4

Action                   |  1- 3 |  4- 6 |  7- 9 | 10-12 || total
-------------------------+-------+-------+-------+-------++-------
Melee: Unarmed           |    72 |       |       |       ||    72
       Headbutt          |    14 |    28 |    62 |    11 ||   115
       Dagger            |    22 |   194 |    42 |       ||   258
       War axe           |       |       |   343 |    33 ||   376
Throw: Stone             |       |       |     4 |       ||     4
 Cast: Sandblast         |    22 |    49 |     9 |       ||    80
Evoke: Wand              |       |       |     3 |       ||     3
  Use: Potion            |       |     3 |     2 |       ||     5
       Scroll            |       |       |     9 |       ||     9
 Stab: Sleeping          |     3 |     1 |       |       ||     4
       Paralysed         |       |       |     3 |       ||     3
       Distracted        |       |       |     2 |       ||     2
  Eat: Chunk             |     3 |    10 |     4 |       ||    17
       Ration            |       |       |     4 |     2 ||     6
Armor: Robe              |    20 |    11 |       |       ||    31
       Ring mail         |       |    63 |    49 |       ||   112
       Chain mail        |       |       |   238 |    10 ||   248
Dodge: Dodged            |    75 |   128 |   187 |    10 ||   400

Table legend:
 A = Spawn XP
 B = Non-spawn XP
 C = Spawn XP percentage of total XP
 D = Spawn monster count
 E = Non-spawn monster count
 F = Spawn count percentage of total count
 G = Total turns spent on level
                    A         B        C        D         E        F      G
               +---------+---------+-------+---------+---------+-------+---------
         Total |       0 |    8185 |   0.0 |       0 |     187 |   0.0 | 10574
               +---------+---------+-------+---------+---------+-------+---------
           D:1 |       0 |      43 |   0.0 |       0 |      27 |   0.0 |   969
           D:2 |       0 |      88 |   0.0 |       0 |      24 |   0.0 |  1120
           D:3 |       0 |     107 |   0.0 |       0 |      20 |   0.0 |   622
           D:4 |       0 |     480 |   0.0 |       0 |      24 |   0.0 |  1985
           D:5 |       0 |     712 |   0.0 |       0 |      20 |   0.0 |   991
           D:6 |       0 |     736 |   0.0 |       0 |      13 |   0.0 |   993
           D:7 |       0 |     744 |   0.0 |       0 |       8 |   0.0 |   670
           D:8 |       0 |     640 |   0.0 |       0 |      15 |   0.0 |   915
           D:9 |       0 |    2426 |   0.0 |       0 |      31 |   0.0 |  1606
          D:10 |       0 |    2209 |   0.0 |       0 |       5 |   0.0 |   580
               +---------+---------+-------+---------+---------+-------+---------
